 Dungeon Crawl Stone Soup version 0.32-a0-418-g34023cf50c (webtiles) character file.

Game seed: 9190845161216633633

201525 kosmolit the Warrior (level 17, -7/165 (170) HPs)
             Began as a Minotaur Berserker on Feb 21, 2024.
             Was the Champion of Trog.
             Incinerated by a sun moth (16 damage)
             ... with a flurry of pyrophoric scales
             ... on level 4 of the Spider Nest.
             The game lasted 00:54:53 (30701 turns).

kosmolit the Warrior (Minotaur Berserker)          Turns: 30701, Time: 00:54:53

HP:   -7/165 (170)  AC: 25    Str: 35 (36) XL:     17   Next: 91%
MP:   17/23         EV: 14    Int:  5 (9)  God:    Trog [******]
Gold: 2771          SH:  8    Dex: 12 (13) Spells: 16/16 levels left

rFire   . . .        o - +6 shillelagh "Devastator" {shatter}
rCold   . . .        E - +0 buckler
rNeg    . . .        x - +0 plate armour {rPois}
rPois   +            V - +1 hat
rElec   +            n - +0 cloak
rCorr   +            R - +2 pair of gloves
SInv    .            Z - +0 pair of boots
Will    +++..        a - amulet "Angeirch" {-Tele rElec Regen+ Str+3 Int+5} Stlth
                     N - +6 ring of strength
HPRegen 2.27/turn    S - ring of resist corrosion
MPRegen 0.18/turn

%: no teleportation
@: on fire, strong-willed, very slightly contaminated, regenerating, slowed,
glowing, lightly drained, very slow
A: horns 2, retaliatory headbutt
}: 1/15 runes: decaying
a: Renounce Religion, Berserk, Trog's Hand, Brothers in Arms


You were on level 4 of the Spider Nest.
You worshipped Trog.
Trog was exalted by your worship.
You visited 5 branches of the dungeon, and saw 30 of its levels.
You also visited: Volcano.

You collected 3251 gold pieces.
You spent 480 gold pieces at shops.

Inventory:

Hand Weapons
 o - the +6 shillelagh "Devastator" (weapon) {shatter}
   (You found it on level 6 of the Dungeon)
 C - a +2 demon whip of electrocution
 U - a +2 eveningstar of freezing
Armour
 n - a +0 cloak (worn)
 x - a +0 plate armour of poison resistance (worn)
 E - a +0 buckler (worn)
 R - a +2 pair of gloves (worn)
 V - a +1 hat (worn)
 Z - a +0 pair of boots (worn)
Jewellery
 a - the amulet "Angeirch" (around neck) {-Tele rElec Regen+ Str+3 Int+5}
   (You acquired it on level 4 of the Lair of Beasts)

   [amulet of regeneration]

   Str+3:     It affects your strength (+3).
   Int+5:     It affects your intelligence (+5).
   rElec:     It insulates you from electricity.
   -Tele:     It prevents most forms of teleportation.
   Regen+:    It increases your rate of health regeneration.
 e - a ring of fire
 h - the amulet "Ucoitz" {RegenMP Harm ^Fragile Dex+3}
   (You found it on level 5 of the Lair of Beasts)

   [amulet of magic regeneration]

   RegenMP:   It increases your rate of magic regeneration.
   Dex+3:     It affects your dexterity (+3).
   ^Fragile:  It will be destroyed if unequipped.
   Harm:      It increases damage dealt and taken.
 k - a +5 ring of evasion
 p - an amulet of regeneration
 r - a +4 ring of protection
 v - a ring of protection from fire
 w - a ring of poison resistance
 y - a ring of flight
 F - a +4 ring of protection
 I - a +6 ring of dexterity
 J - a ring of protection from cold
 N - a +6 ring of strength (left hand)
 S - a ring of resist corrosion (right hand)
 Y - a ring of magical power
Wands
 d - a wand of iceblast (30)
 q - a wand of paralysis (32)
 H - a wand of flame (19)
 O - a wand of acid (3)
 T - a wand of digging (13)
 W - a wand of polymorph (3)
Scrolls
 f - 2 scrolls of poison
 i - 2 scrolls of blinking
 m - 6 scrolls of teleportation
 s - 12 scrolls of identify
 u - a scroll of enchant armour
 B - a scroll of brand weapon
 Q - 9 scrolls of fog
 X - 7 scrolls of revelation
Potions
 b - 2 potions of invisibility
 c - 8 potions of lignification
 g - 3 potions of magic
 j - 8 potions of heal wounds
 l - 2 potions of might
 t - 8 potions of enlightenment
 z - 10 potions of curing
 A - 4 potions of cancellation
 D - 2 potions of resistance
 G - 2 potions of mutation
 K - a potion of ambrosia
 M - 7 potions of haste
 P - 4 potions of attraction


   Skills:
 + Level 20.0 Fighting
 + Level 16.9 Maces & Flails
 + Level 16.6 Armour
 + Level 15.4 Dodging
 + Level 15.8 Shields
 + Level 10.1 Invocations
 - Level 8.4 Evocations


You had 16 spell levels left.
You didn't know any spells.
Your spell library was empty.

Dungeon Overview and Level Annotations

Branches:
Dungeon (15/15)            Temple (0/1) D:4            Lair (5/5) D:10
  Swamp (4/4) Lair:2       Spider (4/4) Lair:3        Slime (0/5) Lair:5
    Orc (2/2) D:9             Elf (0/3) Orc:2        Vaults (0/5) D:14
 Depths (0/4) D:15        Volcano (visited)

Altars:
Dithmenos
Elyvilon
Fedhas
Gozag
Makhleb
Okawaru
Trog
Uskayaw
Vehumet
Xom
Yredelemnul
The Shining One

Shops:
D:4 =   D:9 :   Orc:2 (=[!

Annotations:
Lair:5 exclusion: 2 oklob plants
Swamp:3 1 runed translucent door, Karaet's ghost, adept MiFi
Swamp:4 exclusion: 3 oklob plants


Innate Abilities, Weirdness & Mutations

You have a pair of horns on your head.
You reflexively headbutt those who attack you in melee.


Message History

The torpor snail barely misses you. You furiously retaliate!
You headbutt the torpor snail. The boulder beetle bites you!
* * * LOW HITPOINT WARNING * * *
You block the pharaoh ant's attack.
A spark wasp comes into view.
You feel much better. The liquid fire burns you!
* * * LOW HITPOINT WARNING * * *
The spark wasp buzzes angrily.
The pharaoh ant barely misses you. The boulder beetle closely misses you.
You furiously retaliate!
You headbutt the boulder beetle! The radroach bites you!!
* * * LOW HITPOINT WARNING * * *
The radroach claws you but does no damage.
The torpor snail closely misses you. You block the boulder beetle's attack.
The pharaoh ant bites you!
* * * LOW HITPOINT WARNING * * *
You feel drained.
* * * LOW HITPOINT WARNING * * *
The radroach barely misses you. You furiously retaliate!
You headbutt the radroach, but do no damage.
You block the radroach's attack. The boulder beetle barely misses you.
You feel much better. The liquid fire burns you!
* * * LOW HITPOINT WARNING * * *
A moth of wrath comes into view.
The pharaoh ant bites you but does no damage.
The boulder beetle leaps!
The torpor snail closely misses you. You furiously retaliate!
You headbutt the torpor snail!
The boulder beetle leaps!
You block the radroach's attack. x2
The pharaoh ant barely misses you.
As you read the scroll of fear, it crumbles to dust.
You assume a fearsome visage.
The boulder beetle looks frightened! x2
The boulder beetle resists with some effort.
The torpor snail looks frightened!
The radroach easily resists.
The pharaoh ant is unaffected.
The spark wasp resists with some effort.
The moth of wrath looks frightened!
The liquid fire burns you!
You die...

#..^..^#..#....#
#...###....#.###
#.....##..#....###...###....###
###.###..?#.....#.....#....#
####..^.# #.............##
#...###.###............#
##^.##....###..B....##### #..##
......###:†.###.##
##...##..##.$w...†......#
##.....##.B..BB@°..........
#.....###....yB#.....#.....
###..### ..##.y##.....##..##
#...## #... ##...#...## ^..^##
..## #####.... #^.^^## .####
..(## ##...<######.## .##
####.^.......# #^.########


You could see a radroach, 3 boulder beetles, a spark wasp, a torpor snail
(fleeing), a moth of wrath (fleeing) and a pharaoh ant.

Vanquished Creatures
  Saint Roka (Orc:2)
  Arachne (Spider:4)
  Rupert (Orc:1)
  A thorn hunter (Swamp:4)
  Kirke (D:13)
  Roxanne (Swamp:1)
  A ghost moth (Spider:4)
  2 ghouls
  A hydra skeleton (Swamp:4)
  A broodmother (Spider:2)
  2 dire elephants (Spider:3)
  A spark wasp (Spider:4)
  3 eleionomae
  7 bunyips
  Josephine (D:10)
  3 shambling mangroves
  2 fire dragons
  An ice dragon (D:15)
  5 vault guards (D:14)
  5 entropy weavers
  12 hydras
  A jorogumo (Spider:1)
  2 ghost crabs
  A centaur warrior (Orc:2)
  A spriggan air mage (Swamp:4)
  18 alligators
  6 radroaches
  5 catoblepae
  6 two-headed ogres
  11 boulder beetles
  A tengu warrior (D:13)
  12 death yaks
  Urug (Orc:1)
  7 demonic crawlers
  A deep elf knight (Spider:3)
  2 skysharks (Lair:4)
  A fire crab (Lair:5)
  7 pharaoh ants
  4 goliath frogs
  4 spriggan druids (Swamp:3)
  4 skeletal warriors (D:13)
  7 swamp dragons
  An arcanist (D:13)
  4 bog bodies
  A spectral hydra (Swamp:4)
  4 sun moths (Spider:4)
  9 steelbarb worms
  8 orb spiders
  A deep elf archer (Spider:3)
  Pikel (D:5)
  2 orc knights (Orc:2)
  2 deep elf pyromancers
  A phantasmal warrior (Swamp:4)
  4 oklob plants (Lair:4)
  15 wolf spiders
  An ugly thing (Volcano)
  2 cyclopes (D:14)
  3 orc sorcerers (Orc:1)
  Joseph (D:8)
  A moth of wrath (Spider:3)
  2 meliai (Spider:4)
  8 kobold blastminers
  2 will-o-the-wisps
  4 manticores
  3 elephants
  A torpor snail (Spider:2)
  A gargoyle (D:11)
  3 black mambas
  A smoke demon (Volcano)
  Maggie (D:8)
  11 cane toads
  4 rime drakes
  3 yaktaurs (D:15)
  5 komodo dragons
  2 freezing wraiths
  A tengu conjurer (D:13)
  A hydra zombie (Swamp:4)
  A red devil (Volcano)
  3 polar bears
  7 trolls
  Grinder (D:5)
  A queen bee (shapeshifter) (D:15)
  7 hornets
  3 tyrant leeches
  11 tarantellas
  20 blink frogs
  17 jumping spiders
  12 slime creatures
  A raiju (shapeshifter) (Spider:1)
  A centaur simulacrum (D:15)
  9 culicivoras
  3 spriggans
  2 shadows
  Sigmund (D:2)
  2 water elementals
  3 vampires
  6 wraiths
  A wyvern (Lair:4)
  3 hogs (D:13)
  2 basilisks
  88 yaks
  Eustachio (D:6)
  7 humans (D:14)
  10 vampire mosquitoes
  3 wargs
  Grum (D:8)
  51 redbacks
  12 swamp worms
  Duvessa (D:6)
  Menkaure (D:4)
  2 acid dragons (D:10)
  4 hydra simulacra (Swamp:4)
  12 water moccasins
  A hell hound (Spider:3)
  31 orc warriors
  3 ice beasts
  4 black bears
  A swamp dragon zombie (Swamp:4)
  6 swamp drakes
  26 wolves
  7 ogres
  4 boggarts (D:14)
  14 centaurs
  2 kobold brigands (D:8)
  3 phantoms
  14 bullfrogs
  8 scorpions
  A gnoll sergeant (D:11)
  19 wights
  Dowan (D:6)
  6 howler monkeys
  4 electric eels
  A lava snake (D:15)
  3 bombardier beetles
  A centaur zombie (D:8)
  3 hounds
  A jelly (D:8)
  Crazy Yiuf (D:5)
  15 orc priests
  A gnoll bouda (D:7)
  Jessica (D:2)
  Ijyb (D:5)
  24 orc wizards
  Terence (D:2)
  A killer bee zombie (D:8)
  Robin (D:2)
  9 adders
  10 gnolls
  2 swamp drake zombies (Swamp:4)
  A swamp drake skeleton (Swamp:4)
  A white imp (D:6)
  2 ufetubi (D:7)
  2 dart slugs
  46 orcs
  5 ball pythons
  3 bats
  7 endoplasms
  A giant cockroach (D:1)
  18 goblins
  9 hobgoblins
  9 jackals
  18 kobolds
  4 quokkas
  A frilled lizard (D:2)
  5 rats (D:2)
  A butterfly (Lair:2)
943 creatures vanquished.

Vanquished Creatures (others)
  3 bloated husks
  A human (D:13)
  An orc wizard (Orc:2)
  3 orcs (Orc:2)
  4 foxfires
12 creatures vanquished.

Grand Total: 955 creatures vanquished

Notes
Turn   | Place    | Note
-------+----------+-------------------------------------------
     0 | D:1      | kosmolit the Minotaur Berserker began the quest for the
                  | Orb.
     0 | D:1      | Reached XP level 1. HP: 19/19 MP: 0/0
    58 | D:1      | Reached XP level 2. HP: 23/27 MP: 1/1
   257 | D:1      | Reached skill level 4 in Fighting
   315 | D:1      | Reached XP level 3. HP: 32/33 MP: 2/2
   615 | D:1      | Reached ** piety under Trog
   809 | D:2      | Reached XP level 4. HP: 41/41 MP: 3/3
   931 | D:2      | Noticed Robin
   967 | D:2      | Killed Robin
  1283 | D:2      | Noticed Terence
  1289 | D:2      | Reached XP level 5. HP: 44/47 MP: 4/4
  1292 | D:2      | Killed Terence
  1293 | D:2      | Reached skill level 1 in Shields
  1508 | D:2      | Noticed Sigmund
  1517 | D:2      | Killed Sigmund
  1518 | D:2      | Reached skill level 5 in Fighting
  1518 | D:2      | Reached skill level 5 in Maces & Flails
  1518 | D:2      | Reached skill level 1 in Evocations
  1518 | D:2      | Reached XP level 6. HP: 30/56 MP: 5/5
  1636 | D:2      | Noticed Jessica
  1642 | D:2      | Killed Jessica
  1863 | D:2      | Found a faded altar of an unknown god.
  2148 | D:3      | Found a radiant altar of Vehumet.
  2158 | D:3      | Reached *** piety under Trog
  2599 | D:4      | Identified the +2 sling of Niosily {flame, *Slow ^Fragile
                  | rF+++ Str+3}
  2617 | D:4      | Reached XP level 7. HP: 61/61 MP: 6/6
  2635 | D:4      | Found a staircase to the Ecumenical Temple.
  2777 | D:4      | Found Abeekh's Jewellery Shoppe.
  2814 | D:4      | Found a bloodstained altar of Trog.
  2869 | D:4      | Noticed Menkaure
  2873 | D:4      | Killed Menkaure
  3000 | D:5      | Entered Level 5 of the Dungeon
  3003 | D:5      | Identified the +1 whip of Chance {venom, *Corrode ^Fragile
                  | rElec Dex+8}
  3076 | D:5      | Reached skill level 5 in Armour
  3082 | D:5      | Reached skill level 6 in Fighting
  3082 | D:5      | Reached XP level 8. HP: 70/70 MP: 7/7
  3117 | D:5      | Reached skill level 5 in Dodging
  3138 | D:5      | Noticed Grinder
  3143 | D:5      | Paralysed by Grinder for 3 turns
  3148 | D:5      | Killed Grinder
  3245 | D:5      | Found a runed translucent door.
  3246 | D:5      | Noticed Crazy Yiuf
  3312 | D:5      | Found a shadowy altar of Dithmenos.
  3515 | D:5      | Noticed Pikel
  3534 | D:5      | Killed Pikel
  3535 | D:5      | Reached skill level 7 in Fighting
  3535 | D:5      | Reached skill level 5 in Shields
  3535 | D:5      | Reached XP level 9. HP: 51/79 MP: 8/8
  3543 | D:5      | Identified 2 scrolls of acquirement
  3543 | D:5      | Acquired a manual of Fighting
  3548 | D:5      | Acquired 809 gold pieces
  3687 | D:5      | Noticed Ijyb
  3688 | D:5      | Reached **** piety under Trog
  3694 | D:5      | Killed Ijyb
  3825 | D:5      | Killed Crazy Yiuf
  3921 | D:6      | Noticed Dowan
  3924 | D:6      | Noticed Duvessa
  3927 | D:6      | Killed Dowan
  3939 | D:6      | Killed Duvessa
  4183 | D:6      | Reached skill level 8 in Fighting
  4255 | D:6      | Found the +6 shillelagh "Devastator" {shatter}
  4506 | D:6      | Found a basalt altar of Yredelemnul.
  4534 | D:6      | Found a blossoming altar of Fedhas.
  4784 | D:6      | Noticed Eustachio
  4800 | D:6      | Killed Eustachio
  5059 | D:7      | Reached skill level 9 in Fighting
  5068 | D:7      | Reached XP level 10. HP: 89/91 MP: 9/9
  5125 | D:7      | You fall into a shaft and drop 2 floors!
  5138 | D:9      | Reached ***** piety under Trog
  5157 | D:9      | Found a white marble altar of Elyvilon.
  5312 | D:8      | Reached skill level 5 in Evocations
  5432 | D:8      | Noticed Maggie
  5437 | D:8      | Noticed Grum
  5442 | D:8      | Killed Maggie
  5443 | D:8      | Noticed Joseph
  5446 | D:8      | Killed Grum
  5448 | D:8      | Paralysed by Joseph for 2 turns
  5456 | D:8      | Killed Joseph
  5457 | D:8      | Reached skill level 10 in Fighting
  6178 | D:8      | Found a burning altar of Makhleb.
  6178 | D:8      | Noticed an Executioner
  6656 | D:9      | Found a staircase to the Orcish Mines.
  7107 | D:9      | Found Vyblatyu's Tiny Tomes.
  7482 | D:10     | Entered Level 10 of the Dungeon
  7496 | D:10     | Reached skill level 11 in Fighting
  7675 | D:10     | Noticed Josephine
  7680 | D:10     | Reached XP level 11. HP: 78/102 MP: 10/10
  7684 | D:10     | HP: 6/139 [Josephine/ghostly fireball (12)]
  7685 | D:10     | Killed Josephine
  8268 | D:10     | Found a staircase to the Lair.
  8348 | D:10     | Noticed a two-headed ogre
  8352 | D:10     | Killed a two-headed ogre
  8353 | D:10     | Reached skill level 12 in Fighting
  8353 | D:10     | Reached skill level 10 in Maces & Flails
  8423 | D:10     | Received a gift from Trog
  8747 | D:11     | Noticed a two-headed ogre
  8751 | D:11     | Killed a two-headed ogre
  9022 | D:11     | Reached skill level 10 in Armour
  9151 | D:11     | Noticed a six-headed hydra
  9157 | D:11     | Killed a six-headed hydra
  9399 | D:11     | Noticed a two-headed ogre
  9405 | D:11     | Killed a two-headed ogre
  9406 | D:11     | Reached XP level 12. HP: 101/113 MP: 11/11
  9410 | D:11     | Reached skill level 13 in Fighting
  9546 | D:11     | Noticed a boulder beetle
  9564 | D:11     | Killed a boulder beetle
 10181 | D:12     | Noticed a boulder beetle
 10196 | D:12     | Killed a boulder beetle
 10745 | D:12     | Found an opulent altar of Gozag.
 10971 | Lair:1   | Entered Level 1 of the Lair of Beasts
 10984 | Lair:1   | Reached skill level 14 in Fighting
 10984 | Lair:1   | Reached skill level 10 in Dodging
 10984 | Lair:1   | Reached skill level 10 in Shields
 11250 | Lair:1   | Reached ****** piety under Trog
 11592 | Lair:1   | Identified the +8 hand axe of Gallantry {heavy, rElec Will+
                  | Str+3} (Trog gifted it to you on level 1 of the Lair of
                  | Beasts)
 11592 | Lair:1   | Received a gift from Trog
 12199 | Lair:2   | Reached XP level 13. HP: 125/125 MP: 12/12
 12362 | Lair:2   | Reached skill level 15 in Fighting
 12550 | Lair:2   | Found a staircase to the Swamp.
 12550 | Lair:2   | Noticed an eleionoma
 12562 | Lair:2   | Killed an eleionoma
 13424 | Lair:3   | Found a hole to the Spider Nest.
 13597 | Lair:3   | Found a dark tunnel.
 13606 | Volcano  | Entered a volcano
 13641 | Volcano  | Received a gift from Trog
 13648 | Volcano  | Reached skill level 1 in Invocations
 15332 | Lair:4   | Reached skill level 16 in Fighting
 16117 | Lair:4   | Acquired the amulet "Angeirch" {-Tele rElec Regen+ Str+3
                  | Int+5}
 16270 | Lair:5   | Entered Level 5 of the Lair of Beasts
 16299 | Lair:5   | Reached XP level 14. HP: 44/138 MP: 15/15
 16442 | Lair:5   | Received a gift from Trog
 16474 | Lair:5   | Found a shimmering altar of Xom.
 16617 | Lair:5   | Found a staircase to the Slime Pits.
 16986 | Lair:5   | Reached skill level 17 in Fighting
 17181 | Lair:5   | Identified the amulet "Ucoitz" {RegenMP Harm ^Fragile
                  | Dex+3}
 17790 | D:13     | Reached skill level 5 in Invocations
 17932 | D:13     | Noticed Kirke
 17935 | D:13     | Received a gift from Trog
 17938 | D:13     | Noticed a sphinx
 17940 | D:13     | Killed Kirke
 18435 | D:14     | Found an iron altar of Okawaru.
 18707 | D:14     | Reached XP level 15. HP: 98/148 MP: 18/18
 19095 | D:14     | Identified the +4 glaive "Ynittim" {holy, ^Contam rC+++
                  | Str-2 Dex+8}
 19097 | D:14     | Found a gate to the Vaults.
 19122 | D:14     | Identified the +8 broad axe of the Wizarding Augurer
                  | {distort, Str+3}
 19174 | D:15     | Entered Level 15 of the Dungeon
 19250 | D:15     | Received a gift from Trog
 19296 | D:15     | Identified the +6 spear "Worm's Wrath" {heavy, rF+ Int+2
                  | SInv}
 19328 | D:15     | Acquired a +0 demon whip of electrocution
 19772 | D:15     | Found a glowing golden altar of the Shining One.
 19887 | D:15     | Reached skill level 18 in Fighting
 19932 | D:15     | Found a staircase to the Depths.
 19984 | D:15     | Found a hide-covered altar of Uskayaw.
 20301 | Orc:1    | Entered Level 1 of the Orcish Mines
 20701 | Orc:2    | Entered Level 2 of the Orcish Mines
 20701 | Orc:2    | Found a staircase to the Elven Halls.
 20745 | Orc:2    | Noticed Saint Roka
 20876 | Orc:2    | Noticed Urug
 21039 | Orc:2    | Paralysed by an orc sorcerer for 2 turns
 21161 | Orc:2    | Noticed Rupert
 21166 | Orc:1    | Killed Urug
 21194 | Orc:1    | Killed Rupert
 21534 | Orc:2    | Received a gift from Trog
 21789 | Orc:2    | Killed Saint Roka
 22185 | Orc:2    | Found Recorips's Antique Armour Boutique.
 22185 | Orc:2    | Found Oxitoh's Jewellery Shoppe.
 22187 | Orc:2    | Found Kilustru's Weapon Emporium.
 22189 | Orc:2    | Found Hocewulo's Distillery.
 22201 | Orc:2    | Bought 2 potions of heal wounds for 160 gold pieces
 22201 | Orc:2    | Bought a potion of haste for 160 gold pieces
 22201 | Orc:2    | Bought a potion of haste for 160 gold pieces
 22330 | Swamp:1  | Entered Level 1 of the Swamp
 22863 | Swamp:1  | Noticed Roxanne
 23173 | Swamp:1  | Killed Roxanne
 23173 | Swamp:1  | Received a gift from Trog
 23174 | Swamp:1  | Reached skill level 15 in Maces & Flails
 23313 | Swamp:2  | Reached XP level 16. HP: 150/159 MP: 20/20
 24087 | Swamp:3  | Found a runed translucent door.
 24089 | Swamp:3  | Noticed Karaet's ghost (adept MiFi)
 24295 | Swamp:3  | Reached skill level 15 in Armour
 24705 | Swamp:4  | Entered Level 4 of the Swamp
 24834 | Swamp:4  | Received a gift from Trog
 25002 | Swamp:4  | Reached skill level 19 in Fighting
 25896 | Swamp:4  | Received a gift from Trog
 25960 | Swamp:4  | Noticed a thorn hunter
 25983 | Swamp:4  | Killed a thorn hunter
 26041 | Swamp:4  | Found a basalt altar of Yredelemnul.
 26054 | Swamp:4  | Got a decaying rune of Zot
 26077 | Swamp:4  | Found a blossoming altar of Fedhas.
 26375 | Spider:1 | Entered Level 1 of the Spider Nest
 27108 | Spider:1 | Reached XP level 17. HP: 150/168 MP: 22/22
 27139 | Spider:1 | Reached skill level 15 in Shields
 28899 | Spider:3 | Received a gift from Trog
 28981 | Spider:3 | Reached skill level 15 in Dodging
 29106 | Spider:4 | Entered Level 4 of the Spider Nest
 29292 | Spider:4 | Noticed Arachne
 29312 | Spider:4 | Killed Arachne
 30393 | Spider:4 | Reached skill level 10 in Invocations
 30396 | Spider:4 | Received a gift from Trog
 30403 | Spider:4 | Reached skill level 20 in Fighting
 30699 | Spider:4 | HP: 2/170 [pharaoh ant (17)]
 30701 | Spider:4 | Incinerated by a sun moth

Illustrated notes

Levels and vault maps discovered:
D:1:      saegor_arrival_simple_e, layout_basic, dk_noncrumbling_2
D:2:      layout_basic, shapermc_ecumenical_altar_ellora, minmay_ruptured,
          uniq_terence, uniq_robin, uniq_jessica, uniq_sigmund
D:3:      layout_basic, nicolae_vehumet_radiance
D:4:      layout_rooms, mainiacjoe_overflow_surrounded_room,
          minmay_temple_entry_glassed_door, serial_shops,
          nicolae_shop_tiny_real_fake_doors, wad_floor_pattern_2, uniq_menkaure
D:5:      layout_rooms, nicolae_dithmenos_shadow_blocks, uniq_pikel,
          uniq_grinder, uniq_crazy_yiuf_cottage, uniq_ijyb
D:6:      dreamdust_elfheim, layout_cave_pods,
          mainiacjoe_overflow_large_starburst, dilly_guarded_unrand_devastator,
          uniq_duvessa, uniq_eustachio
D:7:      layout_cave_pools, nicolae_the_louvre
D:8:      layout_cave_pods, makhleb_altar_promises_db, serial_undead,
          serial_undead_a, serial_undead_e, serial_undead_c, serial_undead_d,
          uniq_maggie, uniq_grum, uniq_joseph
D:9:      layout_basic, mainiacjoe_overflow_six_doors_small, david_orc_3,
          nicolae_shop_i_like_small_books_too
D:10:     layout_roguey, grunt_lair_entry_orc_guard_hut,
          hangedman_decor_riveting, uniq_josephine
D:11:     layout_loops_ring, minmay_quadrilaterals
D:12:     layout_loops_ring, grunt_gozag_breadcrumbs
D:13:     layout_rooms, uniq_kirke
D:14:     layout_stronghold, ximxim_vaults_locker_room, hangedman_decor_lopped,
          okawaru_ov_weapons_minmay
D:15:     grunt_enter_depths_hoard, layout_basic, nicolae_uskayaw_suspiria,
          kennysheep_doodads, tso_metal_star
Lair:1:   layout_regular_city, dreamdust_mushroom_princess
Lair:2:   layout_roguey, alex1729_swamp_entry_worm_eleionoma,
          lemuel_fruit_fields, serial_bayou_shore_a
Lair:3:   layout_cave_pods, spider_nest_entry_web_field, serial_bayou,
          serial_bayou_pond_c, serial_bayou_shore_b, serial_bayou_crossing,
          serial_bayou_pond_e, lightli_volcano_entry_magma_tube,
          infiniplex_staircase_pool_2, grunt_megastairs_4
Lair:4:   minmay_lair_oklob_chamber, layout_cave_pods, lemuel_fruit_fields
Lair:5:   evilmike_catoblepas_cave, layout_gridlike,
          minmay_slime_entry_oklob_open, basic_altar, grunt_megastairs_1
Swamp:1:  layout_basic_swamp, serial_swamp_ruin, evilmike_swamp_ruin_house_3,
          evilmike_swamp_ruin_house_4, evilmike_swamp_ruin_rubble_1,
          uniq_roxanne
Swamp:2:  layout_falls_marsh, evilmike_swamp_ruin_house_1, swamp_pool_3
Swamp:3:  layout_basic_swamp, ebering_ghost_inner_flame,
          nicolae_swamp_trees_clearing
Swamp:4:  byrel_swamp_growth_death_and_undeath, layout_basic_swamp,
          swamp_pool_3, nicolae_swamp_very_dense_foliage
Spider:1: layout_cave_pods, hellmonk_deceptive_appearances
Spider:2: layout_spider_delve, drop_trap, nicolae_spider_twisty_arc_passages
Spider:3: layout_spider_delve, beargit_elvish_explorers
Spider:4: hellmonk_spider_rune_bug_friends, nicolae_spider_solar_radiation,
          uniq_arachne
Orc:1:    layout_caves
Orc:2:    st_orc_rangers, layout_caves, nicolae_orc_tapped_out, uniq_saint_roka,
          uniq_urug, uniq_rupert

Skill      XL: |  1  2  3  4  5  6  7  8  9 10 11 12 13 14 15 16 17 |
---------------+----------------------------------------------------+-----
Fighting       | 4 5 6 7 9 11 12 14 16 17 18 19 20 | 20.0
Maces & Flails | 4 5 6 7 8 9 10 11 12 14 15 16 | 16.9
Armour         | 3 4 5 6 7 8 10 11 12 13 14 15 16 | 16.6
Dodging        | 3 4 6 8 9 10 11 12 13 14 15 | 15.4
Shields        | 2 3 5 6 7 9 10 11 12 13 14 15 | 15.8
Evocations     | 1 2 3 4 5 7 8 |  8.4
Invocations    | 3 5 7 8 10 | 10.1

Action                     |  1- 3 |  4- 6 |  7- 9 | 10-12 | 13-15 | 16-18 || total
---------------------------+-------+-------+-------+-------+-------+-------++-------
  Melee: Mace              |    51 |    94 |    82 |       |       |       ||   227
         Headbutt          |    10 |    15 |    31 |    80 |   205 |   168 ||   509
         Flail             |       |       |    16 |       |       |       ||    16
         Whip              |       |       |    50 |       |       |       ||    50
         Shillelagh        |       |       |    36 |   397 |   845 |   778 ||  2056
         Unarmed           |       |       |       |       |     9 |       ||     9
 Invoke: Berserk           |       |       |       |     3 |     2 |     2 ||     7
         Trog's Hand       |       |       |       |       |     1 |     1 ||     2
  Evoke: Wand              |       |       |       |       |       |     3 ||     3
    Use: Scroll            |       |       |    12 |    11 |    12 |     4 ||    39
         Potion            |       |       |       |       |       |     3 ||     3
   Stab: Petrified         |       |       |       |       |     2 |       ||     2
         Petrifying        |       |       |       |       |     1 |       ||     1
 Armour: Animal skin       |    20 |    33 |       |       |       |       ||    53
         Ring mail         |       |    16 |    67 |    45 |       |       ||   128
         Plate armour      |       |       |       |   196 |   722 |   692 ||  1610
         Skin              |       |       |       |       |     4 |       ||     4
  Dodge: Dodged            |    31 |    91 |   135 |   271 |   558 |   460 ||  1546
  Block: Buckler           |       |       |       |       |   139 |   262 ||   401

Table legend: (Time is in decaauts)
 A = Elapsed time spent in this place.
 B = Non-inter-level travel time spent in this place.
 C = Inter-level travel time spent in this place.
 D = Time resting spent in this place.
 E = Time spent auto-exploring this place.
 F = Levels seen in this place.
 G = Mean time per level.
                   A        B        C        D        E       F      G
               +--------+--------+--------+--------+--------+-----+--------+
         Total |  30428 |  28436 |   1992 |   3082 |  19613 |  31 |  981.5 |
       Dungeon |  13764 |  12699 |   1065 |    531 |  10224 |  15 |  917.6 |
          Lair |   6707 |   6321 |    386 |    253 |   5167 |   5 | 1341.4 |
         Swamp |   4001 |   3839 |    162 |    850 |   1867 |   4 | 1000.2 |
   Spider Nest |   4172 |   3865 |    307 |    799 |   1746 |   4 | 1043.0 |
  Orcish Mines |   1681 |   1611 |     70 |    647 |    546 |   2 |  840.5 |
       Volcano |    102 |    102 |      0 |      0 |     62 |   1 |  102.0 |
               +--------+--------+--------+--------+--------+-----+--------+

Top non-repeatable levels by time:
  Lair:4: 1752 daAuts
  Lair:2: 1651 daAuts
Spider:4: 1531 daAuts
  Lair:5: 1323 daAuts
     D:2: 1317 daAuts
    D:11: 1309 daAuts
    D:10: 1304 daAuts
 Swamp:3: 1267 daAuts
     D:9: 1166 daAuts
 Swamp:4: 1140 daAuts
     D:6: 1074 daAuts
     D:8: 1061 daAuts
Spider:1: 996 daAuts
  Lair:1: 995 daAuts
   Orc:1: 985 daAuts
